 Dungeon Crawl Stone Soup version 0.28.0-53-g5a82cb258f (webtiles) character file.

Game seed: 13935035134985139893

4949 cbfl8 the Cleaver (level 10, -11/90 HPs)
             Began as a Minotaur Fighter on July 19, 2022.
             Was a Priest of Makhleb.
             Mangled by a two-headed ogre
             ... wielding a +0 giant club
              (20 damage)
             ... on level 10 of the Dungeon.
             The game lasted 00:17:39 (12787 turns).

cbfl8 the Cleaver (Minotaur Fighter)               Turns: 12787, Time: 00:17:39

Health: -11/90     AC: 18    Str: 20    XL:     10   Next: 28%
Magic:  12/12      EV:  7    Int:  5    God:    Makhleb [***...]
Gold:   582        SH:  6    Dex: 21    Spells: 9/9 levels left

rFire   . . .      SeeInvis .   l - +0 broad axe
rCold   . . .      Faith    .   c - +0 buckler
rNeg    . . .      Spirit   .   C - +0 plate armour
rPois   .          Reflect  .   (helmet restricted)
rElec   .          Harm     .   i - +0 cloak
rCorr   .          Rampage  .   y - +0 pair of gloves
Will    +....                   w - +0 pair of boots
Stlth   ..........              (no amulet)
HPRegen 0.25/turn               I - +6 ring of dexterity
MPRegen 0.13/turn               p - ring of willpower

@: no status effects
A: horns 2, retaliatory headbutt
a: Renounce Religion, Minor Destruction, Lesser Servant of Makhleb


You were on level 10 of the Dungeon.
You worshipped Makhleb.
Makhleb was most pleased with you.
You visited 2 branches of the dungeon, and saw 12 of its levels.
You also visited: Ossuary.

You collected 582 gold pieces.

Inventory:

Hand Weapons
 a - a +0 war axe
 l - a +0 broad axe (weapon)
 G - a +0 battleaxe
Armour
 b - a +0 scale mail
 c - a +0 buckler (worn)
 i - a +0 cloak (worn)
 w - a +0 pair of boots (worn)
 y - a +0 pair of gloves (worn)
 B - +0 steam dragon scales
 C - a +0 plate armour (worn)
Jewellery
 j - a ring of fire
 p - a ring of willpower (right hand)
 A - a ring of see invisible
 D - a ring of protection from fire
 I - a +6 ring of dexterity (left hand)
Wands
 r - a wand of flame (29)
 t - a wand of polymorph (2)
 v - a wand of paralysis (13)
Scrolls
 e - 3 scrolls of enchant armour
 f - 5 scrolls of teleportation
 h - 3 scrolls of blinking
 m - 2 scrolls of noise
 n - 2 scrolls of torment
 o - a scroll of fear {unknown}
 q - 2 scrolls of holy word
 s - a scroll of magic mapping
 u - 2 scrolls of enchant weapon {unknown}
 x - a scroll of fog {unknown}
 H - a scroll of acquirement {unknown}
 M - a scroll of immolation {unknown}
Potions
 g - 3 potions of curing
 k - 2 potions of mutation
 z - a potion of cancellation {unknown}
 E - a potion of attraction {unknown}
 F - 3 potions of might
 J - 3 potions of brilliance {unknown}
 K - a potion of degeneration {unknown}
 L - a potion of magic {unknown}


   Skills:
 * Level 8.8 Fighting
 + Level 10.7 Axes
 + Level 9.3 Armour
 + Level 2.5 Dodging
 + Level 1.3 Stealth
 + Level 5.8 Shields
 * Level 4.3 Invocations
 * Level 3.2 Evocations


You had 9 spell levels left.
You didn't know any spells.
Your spell library contained the following spells:

 Spells                   Type           Power      Damage    Failure   Level
 Apportation              Tloc           0%         N/A       100%        1
 Sublimation of Blood     Necr           0%         N/A       100%        2
 Wereblood                Tmut           0%         N/A       100%        2
 Alistair's Intoxication  Tmut/Pois      0%         N/A       100%        5
 Summon Hydra             Summ           0%         N/A       100%        7


Dungeon Overview and Level Annotations

Branches:
Dungeon (11/15)            Temple (1/1) D:6            Lair (0/6) D:10
Ossuary (visited)
    Orc: D:9-12

Altars:
Ashenzari
Cheibriados
Dithmenos
Elyvilon
Fedhas
Gozag
Hepliaklqana
Makhleb
Nemelex Xobeh
Okawaru
Qazlal
Sif Muna
Trog
Uskayaw
Vehumet
Wu Jian
Xom
Zin
The Shining One

Annotations:
D:2 1 runed translucent door, Crazy Yiuf


Innate Abilities, Weirdness & Mutations

You have a pair of horns on your head.
You reflexively headbutt those who attack you in melee.


Message History

You kill the kobold!
Makhleb accepts your kill.
Unknown command.
Unknown command.
No target in view!
Things that are here:
a +0 dagger; a +0 short sword; 7 stones
Items here: ( )) ††.
A kobold comes into view. It is wielding a +0 dagger.
The kobold shouts!
The kobold throws a stone.
The stone hits you but does no damage.
The kobold throws a stone.
The stone hits you but does no damage. The kobold hits you but does no damage.
You miss the kobold. You headbutt the kobold.
You kill the kobold!
Makhleb accepts your kill.
Things that are here:
a +0 dagger; 3 stones; a kobold corpse A two-headed ogre comes into view.
It is wielding two +0 giant clubs.
The two-headed ogre shouts in stereo!
You barely miss the two-headed ogre. You block the two-headed ogre's attack.
The two-headed ogre hits you with a +0 giant club!
You slash the two-headed ogre!
The two-headed ogre is lightly wounded.
The two-headed ogre hits you with a +0 giant club.
The two-headed ogre barely misses you.
You slash the two-headed ogre!
The two-headed ogre is moderately wounded.
The two-headed ogre hits you with a +0 giant club!! x2
You hit the two-headed ogre.
The two-headed ogre is moderately wounded.
The two-headed ogre hits you with a +0 giant club!!
* * * LOW HITPOINT WARNING * * *
The two-headed ogre hits you with a +0 giant club!
* * * LOW HITPOINT WARNING * * *
You barely miss the two-headed ogre.
The two-headed ogre is moderately wounded.
You feel better.
The two-headed ogre hits you with a +0 giant club!!
You die...

######.#
#......#
#.###### #.#
..# #.# #.# #^#
#.# #.# #.# #..
#O# ######@#
#......#
######.######
#....#.#)).)#
#....#)#)##.#
#....#.#..#.#
#....#.##.#.#
###....#....#.#
#......######.#


You could see a two-headed ogre.

Vanquished Creatures
  A two-headed ogre (D:9)
  An ugly thing (D:9)
  Joseph (D:8)
  A troll (D:8)
  A steam dragon (D:6)
  An acid dragon (D:9)
  A water moccasin (D:4)
  A sky beast (D:6)
  4 orc warriors
  3 centaurs
  A kobold brigand (D:10)
  An elf zombie (Ossuary)
  4 bullfrogs
  3 gnoll sergeants
  3 scorpions
  A water moccasin skeleton (D:5)
  7 wights
  2 bullfrog zombies
  5 centaur zombies
  A jelly (D:5)
  A human zombie (Ossuary)
  2 orc priests (D:7)
  A hound (D:5)
  2 bullfrog skeletons
  3 centaur skeletons
  A gnoll shaman (D:4)
  Ijyb (D:4)
  2 iguanas
  7 orc wizards
  2 hound zombies (Ossuary)
  3 mummies (Ossuary)
  Robin (D:3)
  18 gnolls
  A howler monkey skeleton (D:5)
  3 adders
  A white imp (D:7)
  An adder skeleton (D:5)
  6 adder zombies
  3 worms
  A dart slug (D:5)
  45 orcs
  3 endoplasms
  6 giant cockroaches
  10 goblins (D:3)
  7 hobgoblins
  3 jackals (D:3)
  5 quokkas
  8 ball pythons
  6 bats
  2 frilled lizards
  2 goblin zombies (Ossuary)
  6 hobgoblin zombies (Ossuary)
  3 jackal zombies
  13 kobolds
  2 kobold zombies (Ossuary)
  2 orc zombies (Ossuary)
  6 quokka zombies (Ossuary)
  6 rats
  3 rat zombies
241 creatures vanquished.

Vanquished Creatures (others)
  A wizard (D:5)
  An orc wizard (D:5)
  17 plants (D:5)
19 creatures vanquished.

Grand Total: 260 creatures vanquished

Notes
Turn   | Place    | Note
-------+----------+-------------------------------------------
     0 | D:1      | cbfl8 the Minotaur Fighter began the quest for the Orb.
     0 | D:1      | Reached XP level 1. HP: 19/19 MP: 0/0
     2 | D:1      | Found a faded altar of an unknown god.
   259 | D:1      | Reached XP level 2. HP: 27/27 MP: 1/1
  1031 | D:2      | Reached XP level 3. HP: 25/33 MP: 2/2
  1247 | D:2      | Reached skill level 3 in Axes
  1534 | D:2      | Found a runed translucent door.
  1535 | D:2      | Noticed Crazy Yiuf
  2316 | D:4      | Reached XP level 4. HP: 37/40 MP: 3/3
  2395 | D:4      | Reached skill level 4 in Axes
  2536 | D:4      | Noticed Ijyb
  2546 | D:4      | Killed Ijyb
  2547 | D:4      | Reached XP level 5. HP: 39/47 MP: 4/4
  2835 | D:3      | Noticed Robin
  2845 | D:3      | Killed Robin
  2847 | D:3      | Reached skill level 5 in Armour
  3482 | D:3      | Reached skill level 1 in Dodging
  4507 | D:5      | Entered Level 5 of the Dungeon
  4520 | D:5      | Reached XP level 6. HP: 55/55 MP: 5/5
  4948 | D:5      | Reached skill level 5 in Axes
  5207 | D:5      | Reached skill level 5 in Fighting
  5803 | D:5      | Reached XP level 7. HP: 46/61 MP: 6/6
  6037 | D:5      | Reached skill level 6 in Axes
  6907 | D:5      | Reached skill level 7 in Axes
  6907 | D:5      | Reached skill level 5 in Shields
  6907 | D:5      | Reached XP level 8. HP: 47/70 MP: 7/7
  7222 | D:5      | Found a bloodstained altar of Trog.
  7224 | D:5      | Noticed a wizard
  7229 | D:5      | Killed a wizard
  7398 | D:6      | Found a staircase to the Ecumenical Temple.
  7410 | Temple   | Entered the Ecumenical Temple
  7524 | Temple   | Became a worshipper of Makhleb the Destroyer
  7653 | D:6      | Reached skill level 1 in Stealth
  7853 | D:6      | Reached skill level 1 in Invocations
  7853 | D:6      | Reached skill level 1 in Evocations
  8480 | D:6      | Reached skill level 8 in Axes
  8671 | D:7      | Reached * piety under Makhleb
  8768 | D:7      | Reached XP level 9. HP: 19/78 MP: 9/9
  8948 | D:7      | Found a sand-covered staircase.
  8958 | Ossuary  | Entered an ossuary
  9203 | Ossuary  | Reached ** piety under Makhleb
  9204 | Ossuary  | Reached skill level 9 in Axes
  9611 | D:7      | Found a hazy altar of Hepliaklqana.
  9613 | D:7      | Found a snail-covered altar of Cheibriados.
  9613 | D:7      | Found a shimmering blue altar of Sif Muna.
 10250 | D:8      | Found a blossoming altar of Fedhas.
 10365 | D:8      | Noticed Joseph
 10384 | D:8      | Killed Joseph
 10385 | D:8      | Reached skill level 10 in Axes
 10974 | D:9      | Noticed a troll
 11147 | D:8      | Killed a troll
 11522 | D:9      | You fall into a shaft and drop 2 floors!
 11529 | D:10     | Entered Level 10 of the Dungeon
 11696 | D:10     | Found a staircase to the Lair.
 11758 | D:10     | Reached *** piety under Makhleb
 11955 | D:9      | Noticed a two-headed ogre
 11961 | D:9      | Killed a two-headed ogre
 11962 | D:9      | Reached XP level 10. HP: 76/90 MP: 10/12
 12067 | D:9      | Found an opulent altar of Gozag.
 12097 | D:9      | Noticed a purple ugly thing
 12118 | D:9      | Killed a purple ugly thing
 12779 | D:10     | Noticed a two-headed ogre
 12785 | D:10     | HP: 1/90 [two-headed ogre/+0 giant club (14)]
 12787 | D:10     | Mangled by a two-headed ogre

Illustrated notes

Levels and vault maps discovered:
D:1:      scummos_arrival_simple_fountains, layout_basic,
          dreamdust_ecumenical_altar_statues
D:2:      layout_basic, kennysheep_boxes, uniq_crazy_yiuf_cottage
D:3:      layout_basic, nicolae_concentric_dashed_squares_wild,
          wander_ebering_terrifying_dragon_lair, uniq_robin
D:4:      layout_basic, hangedman_decor_points, uniq_ijyb
D:5:      layout_basic, trog_wizard, nicolae_grassy_gnolls
D:6:      layout_basic, minmay_temple_entry_wispy
D:7:      layout_basic, grunt_temple_overflow_diamond, enter_ossuary_3,
          amcnicky_mini_corridor_feature
D:8:      layout_cave_pods, mainiacjoe_overflow_small_starburst, uniq_joseph
D:9:      layout_cave_pools, nicolae_gozag_seed_capital, serial_column_ruins,
          column_ruins_circle_medium, column_ruins_open_small_water,
          column_ruins_columns_dead_end, column_ruins_grid_1,
          column_ruins_corridor_corner, column_ruins_open_small
D:10:     layout_basic, lair_entry_dummy, nicolae_trove_entry_crystal,
          patterned_corridor
D:11:     layout_loops_cross, kennysheep_orc_monster_closet_entryway,
          kennysheep_pointless_box, columned_hall_lemuel, minivault_24
Temple:   eino_temple_scatter_basement

Skill      XL: |  1  2  3  4  5  6  7  8  9 |
---------------+----------------------------+-----
Armour         | 4 5 6 7 8 9 |  9.3
Fighting       | 4 5 6 8 |  8.8
Axes           | 3 4 5 7 8 10 | 10.7
Shields        | 4 5 |  5.8
Dodging        | 1 2 |  2.5
Stealth        | 1 |  1.3
Invocations    | 2 4 |  4.3
Evocations     | 1 3 |  3.2

Action                   |  1- 3 |  4- 6 |  7- 9 | 10-12 || total
-------------------------+-------+-------+-------+-------++-------
Melee: War axe           |    88 |   147 |   102 |       ||   337
       Headbutt          |    10 |    28 |    78 |    11 ||   127
       Broad axe         |       |       |   239 |    55 ||   294
Invok: Minor Destruction |       |       |     1 |       ||     1
  Use: Potion            |       |     1 |     5 |     1 ||     7
       Scroll            |       |       |    10 |       ||    10
 Stab: Invisible         |       |       |     1 |       ||     1
Armor: Scale mail        |    40 |    58 |    56 |       ||   154
       Plate armour      |       |       |   166 |    24 ||   190
Dodge: Dodged            |    38 |    64 |   167 |    11 ||   280
Block: Buckler           |    31 |    34 |   113 |    13 ||   191
